Map: Prion Terraces

Players

llllllllllll

  • Race: Terran Terran
  • League: Diamond

MorN - Winner!

  • Race: Terran Terran
  • League: Master

VOD

Have the link to the VOD?

Description

Time

  • Played on: Dec. 6, 2015, 3:23 a.m.
  • Length: 8:09
Show
View Real Time Build Order
Export as new Build Order

llllllllllll Terran 

Build Orders:  

Get SALT Encoding   

  12  0:00  SCV  
  13  0:13  SCV  
  14  0:18  Supply Depot  
  14  0:25  SCV  
  15  0:39  SCV  
  15  0:41  Barracks  
  16  0:45  Refinery  
  16  0:51  SCV  
  17  1:03  SCV  
  18  1:15  SCV  
  19  1:28  Orbital Command  
  19  1:29  Marine  
  20  1:35  Supply Depot  
  20  1:47  Marine  
  20  1:48  Factory  
  21  1:54  SCV  
  21  1:55  Refinery  
  22  2:04  Marine  
  22  2:06  SCV  
  24  2:18  SCV  
  25  2:23  Marine  
  25  2:28  Supply Depot  
  26  2:30  SCV  
  26  2:32  Starport  
  27  2:39  Hellion  
  27  2:42  Barracks Reactor  
  29  2:45  SCV  
  30  2:57  SCV  
  31  3:11  Viking  
  33  3:15  SCV  
  33  3:22  Supply Depot  
  33  3:26  Hellion x2, Barracks Tech Lab  
  37  3:47  Hellion x2  
  41  3:51  Raven  
  43  4:00  SCV  
  44  4:03  Barracks Reactor  
  44  4:09  Hellion  
  46  4:10  Command Center, Supply Depot  
  46  4:25  SCV  
  46  4:28  Supply Depot  
  46  4:30  Armory  
  47  4:31  Hellion  
  47  4:36  Hellion  
  48  4:57  Hellion, Viking, Medivac  
  49  5:13  Hellion  
  51  5:17  Supply Depot  
  53  5:21  Hellion  
  53  5:28  Medivac x2  
  57  5:30  Marine  
  58  5:39  Hellion  
  58  5:49  Hellion  
  58  5:58  Viking x2  
  58  6:00  Hellion  
  59  6:11  Hellion  
  61  6:18  Orbital Command  
  61  6:28  Hellion  
  63  6:33  Viking  
  65  6:53  Hellion  
  65  6:54  Hellion  
  53  7:14  Viking  
  53  7:15  Hellion x2  
  49  7:29  Medivac  
  51  7:36  Hellion  
  49  7:45  Hellion  
Show
View Real Time Build Order
Export as new Build Order

MorN Terran - Winner!

Build Orders: 1/1/1, Banshee Rush 

Get SALT Encoding   

  12  0:01  SCV  
  13  0:13  SCV  
  14  0:17  Supply Depot  
  14  0:25  SCV  
  14  0:28  Refinery  
  15  0:39  SCV  
  16  0:45  Barracks  
  16  0:51  SCV  
  16  0:55  Refinery  
  17  1:03  SCV  
  18  1:15  SCV  
  19  1:32  Reaper, Orbital Command  
  20  1:36  Factory  
  20  1:49  Supply Depot  
  20  1:58  SCV  
  21  2:04  Reaper  
  22  2:10  SCV  
  23  2:22  SCV, Hellion, Starport  
  26  2:35  SCV  
  27  2:40  Supply Depot  
  27  2:46  Hellion, Barracks Tech Lab  
  27  2:47  SCV  
  30  2:59  SCV  
  31  3:11  SCV  
  31  3:12  Hellion  
  34  3:19  Barracks Reactor  
  34  3:25  Banshee, Cloaking Field  
  37  3:39  Supply Depot  
  37  3:43  Supply Depot  
  37  3:46  Hellion  
  37  3:47  Command Center  
  37  3:57  Marine x2  
  39  4:03  SCV  
  40  4:12  Banshee  
  40  4:15  Factory Tech Lab, Factory Reactor, Marine x2  
  40  4:17  SCV  
  46  4:22  Engineering Bay  
  46  4:29  SCV  
  47  4:33  Marine  
  48  4:41  SCV  
  49  4:48  Marine  
  49  4:49  Siege Tank  
  53  4:53  SCV  
  54  5:05  SCV  
  52  5:11  Barracks, Orbital Command  
  52  5:13  Barracks  
  52  5:17  Starport Reactor  
  52  5:19  Stimpack  
  52  5:22  Terran Infantry Weapons Level 1  
  52  5:25  Siege Tank  
  55  5:32  Marine  
  55  5:34  SCV  
  55  5:45  SCV  
  55  5:47  Supply Depot  
  55  5:48  Refinery  
  56  5:50  Marine  
  51  6:04  SCV  
  51  6:07  Supply Depot  
  51  6:08  SCV, Starport Reactor, Marauder  
  52  6:12  Marine x2  
  52  6:13  Marine  
  52  6:15  Command Center  
  52  6:16  SCV  
  56  6:20  SCV  
  56  6:22  Marine  
  56  6:23  Siege Tank  
  61  6:28  SCV, Supply Depot  
  61  6:30  Marauder  
  61  6:31  Marine x3  
  67  6:37  SCV  
  68  6:45  SCV  
  69  6:48  Supply Depot, Medivac x2  
  69  6:49  SCV  
  71  6:56  Marine  
  60  7:10  Marine x2  
  60  7:11  Marauder  
  60  7:13  Marine  
  60  7:14  Marine  
  50  7:17  Orbital Command  
  50  7:18  Siege Tank  
  46  7:28  Marine x2  
  42  7:31  Orbital Command, Marine  
  42  7:32  Marauder, Marine  
  44  7:46  Marine x2  
Tags
 
Matchup
TvT
Opening
1/1/1
Race
Terran
Replay Pack
MorN pack 2
Strategy
Banshee Rush
Add a new tag
Caveats
  • Supply blocks, unpowered buildings, or Contaminate may cause inaccurate times.
  • Supply counts are checked every 10 seconds.